[Event "Live Chess"]
[Site "Chess.com"]
[Date "2011.01.28"]
[Round "-"]
[White "hipposcottimus"]
[Black "paleoliberal"]
[Result "1-0"]
[CurrentPosition "4rR1k/pp2N1pp/8/2pp4/8/8/qP4PP/5RK1 b - -"]
[Timezone "UTC"]
[ECO "C45"]
[ECOUrl "https://www.chess.com/openings/Scotch-Game-Scotch-Gambit-Dubois-Reti-Defense"]
[UTCDate "2011.01.28"]
[UTCTime "22:16:05"]
[WhiteElo "1600"]
[BlackElo "1427"]
[TimeControl "60"]
[Termination "hipposcottimus won on time"]
[StartTime "22:16:05"]
[EndDate "2011.01.28"]
[EndTime "22:17:52"]
[Link "https://www.chess.com/game/live/92407421"]

1. e4 e5 2. Nf3 Nc6 3. Bc4 Nf6 4. d4 exd4 5. Nxd4 Nxd4 6. Qxd4 c5 7. Qe3 Bd6 8. f4 O-O 9. e5 Ng4 10. Qe2 Re8 11. Qxg4 Bxe5 12. Bxf7+ Kxf7 13. fxe5 Rxe5+ 14. Kf2 d5 15. Bf4 Bxg4 16. Bxe5 Qg5 17. Rf1 Qxe5 18. Kg1+ Kg8 19. Nd2 Qd4+ 20. Rf2 Bf5 21. Nf3 Qe3 22. Rf1 Bxc2 23. Ne1 Qd4 24. Nxc2 Qc4 25. Ne3 Qxa2 26. Nf5 Re8 27. Ne7+ Kh8 28. Rf8+ 1-0

[Event "Live Chess"]
[Site "Chess.com"]
[Date "2011.01.28"]
[Round "-"]
[White "paleoliberal"]
[Black "hipposcottimus"]
[Result "0-1"]
[CurrentPosition "3r2k1/pp4pp/5r2/7q/8/2P1p3/P1P3Q1/6RK w - -"]
[Timezone "UTC"]
[ECO "C47"]
[ECOUrl "https://www.chess.com/openings/Four-Knights-Game-Italian-Variation"]
[UTCDate "2011.01.28"]
[UTCTime "22:13:39"]
[WhiteElo "1432"]
[BlackElo "1595"]
[TimeControl "60"]
[Termination "hipposcottimus won on time"]
[StartTime "22:13:39"]
[EndDate "2011.01.28"]
[EndTime "22:15:39"]
[Link "https://www.chess.com/game/live/92406673"]

1. e4 e5 2. Nf3 Nc6 3. Bc4 Nf6 4. Nc3 d5 5. exd5 Na5 6. d6 Nxc4 7. dxc7 Qxc7 8. d4 e4 9. Bg5 Be7 10. Ne5 Nxe5 11. dxe5 Qxe5 12. Bxf6 Bxf6 13. O-O O-O 14. Re1 Bf5 15. g4 Bg6 16. f4 Qxf4 17. Rf1 Qe3+ 18. Kh1 Bxc3 19. bxc3 Qg5 20. Rg1 Qe5 21. h4 Rad8 22. Qe2 f6 23. h5 Bf7 24. g5 Bd5 25. gxf6 e3+ 26. Rg2 Bxg2+ 27. Qxg2 Rxf6 28. Rg1 Qxh5+ 0-1

[Event "Live Chess"]
[Site "Chess.com"]
[Date "2011.01.28"]
[Round "-"]
[White "hipposcottimus"]
[Black "paleoliberal"]
[Result "1-0"]
[CurrentPosition "r2q1b1r/ppp2p1p/3k1P2/1N1PN1p1/2B2nb1/4Q3/PPP2PPP/R1B1K2R b KQ -"]
[Timezone "UTC"]
[ECO "C50"]
[ECOUrl "https://www.chess.com/openings/Italian-Game"]
[UTCDate "2011.01.28"]
[UTCTime "22:11:57"]
[WhiteElo "1590"]
[BlackElo "1437"]
[TimeControl "60"]
[Termination "hipposcottimus won by checkmate"]
[StartTime "22:11:57"]
[EndDate "2011.01.28"]
[EndTime "22:13:06"]
[Link "https://www.chess.com/game/live/92406311"]

1. e4 e5 2. Nf3 Nc6 3. Bc4 d5 4. exd5 Nce7 5. Nc3 Nf6 6. d3 e4 7. dxe4 Bg4 8. Qd3 Ng6 9. e5 Nf4 10. Qe3 g5 11. exf6+ Kd7 12. Ne5+ Kd6 13. Nb5# 1-0

[Event "Live Chess"]
[Site "Chess.com"]
[Date "2011.01.28"]
[Round "-"]
[White "paleoliberal"]
[Black "hipposcottimus"]
[Result "1-0"]
[CurrentPosition "r7/pp6/2N1b1pp/k4p2/P1QB4/3P4/1PP2PPP/R5K1 b - -"]
[Timezone "UTC"]
[ECO "C55"]
[ECOUrl "https://www.chess.com/openings/Italian-Game-Two-Knights-Defense-4.O-O"]
[UTCDate "2011.01.28"]
[UTCTime "22:09:34"]
[WhiteElo "1442"]
[BlackElo "1585"]
[TimeControl "60"]
[Termination "paleoliberal won on time"]
[StartTime "22:09:34"]
[EndDate "2011.01.28"]
[EndTime "22:11:42"]
[Link "https://www.chess.com/game/live/92405636"]

1. e4 e5 2. Nf3 Nc6 3. Bc4 Nf6 4. O-O d5 5. Bd3 dxe4 6. Bxe4 Nxe4 7. Re1 f5 8. d3 Nd6 9. Nxe5 Be7 10. Qh5+ g6 11. Qh6 Nxe5 12. Rxe5 Nf7 13. Qg7 h6 14. Nc3 Qd6 15. Bf4 Nxe5 16. Bxe5 Bf8 17. Qxh8 Qd5 18. Nxd5 Kd7 19. Qf6 Be7 20. Qxe7+ Kc6 21. Nb4+ Kb5 22. Qe6 c6 23. Qc4+ Kb6 24. Bd4+ Ka5 25. a4 Be6 26. Nxc6+ 1-0

[Event "Live Chess"]
[Site "Chess.com"]
[Date "2011.01.28"]
[Round "-"]
[White "hipposcottimus"]
[Black "Scrubdoo"]
[Result "1-0"]
[CurrentPosition "3r2k1/4bpp1/p1b1p2p/1p2P3/4N3/3r4/PP2R2P/1K2NR2 b - -"]
[Timezone "UTC"]
[ECO "C02"]
[ECOUrl "https://www.chess.com/openings/French-Defense-Advance-Variation-3...c5"]
[UTCDate "2011.01.28"]
[UTCTime "22:06:52"]
[WhiteElo "1596"]
[BlackElo "1668"]
[TimeControl "60"]
[Termination "hipposcottimus won on time"]
[StartTime "22:06:52"]
[EndDate "2011.01.28"]
[EndTime "22:08:53"]
[Link "https://www.chess.com/game/live/92404861"]

1. e4 e6 2. d4 d5 3. e5 c5 4. c4 dxc4 5. Be3 cxd4 6. Bxd4 Nc6 7. Nf3 Nxd4 8. Nxd4 Bc5 9. Nf3 Qxd1+ 10. Kxd1 Ne7 11. Nc3 Bd7 12. Bxc4 Bc6 13. Kc2 a6 14. Rad1 b5 15. Be2 Bxf2 16. Kb1 Bc5 17. Ng5 O-O 18. Rhf1 h6 19. Nf3 Nd5 20. Ne4 Be7 21. Rfe1 Ne3 22. Rd3 Nxg2 23. Red1 Nf4 24. R3d2 Nxe2 25. Rxe2 Rfd8 26. Rde1 Rd3 27. Rf1 Rad8 28. Ne1 1-0

[Event "Live Chess"]
[Site "Chess.com"]
[Date "2011.01.28"]
[Round "-"]
[White "hipposcottimus"]
[Black "elms"]
[Result "1-0"]
[CurrentPosition "Q3k1r1/p2pPp2/1p2p1pp/2q3B1/8/8/P4PPP/4R1K1 b q -"]
[Timezone "UTC"]
[ECO "B00"]
[ECOUrl "https://www.chess.com/openings/Owens-Defense-2.d4-Bb7"]
[UTCDate "2011.01.28"]
[UTCTime "22:04:59"]
[WhiteElo "1596"]
[BlackElo "1613"]
[TimeControl "60"]
[Termination "hipposcottimus won by resignation"]
[StartTime "22:04:59"]
[EndDate "2011.01.28"]
[EndTime "22:06:19"]
[Link "https://www.chess.com/game/live/92404344"]

1. e4 b6 2. d4 Bb7 3. d5 g6 4. c4 Bg7 5. Nf3 c6 6. e5 cxd5 7. cxd5 e6 8. Bc4 Na6 9. Nc3 Nc5 10. O-O Ne7 11. b4 Qc7 12. bxc5 Qxc5 13. d6 Qxc4 14. dxe7 Qxc3 15. Bd2 Qc5 16. Bg5 Bxe5 17. Re1 Bxa1 18. Qxa1 Rg8 19. Qf6 Bxf3 20. Qxf3 h6 21. Qxa8+ 1-0

[Event "Live Chess"]
[Site "Chess.com"]
[Date "2011.01.28"]
[Round "-"]
[White "knitedog"]
[Black "hipposcottimus"]
[Result "1-0"]
[CurrentPosition "r2q1rk1/2p1bppp/p1n5/1p1n2Bb/8/2PP1NNP/PPB2PP1/R2QR1K1 w - -"]
[Timezone "UTC"]
[ECO "C66"]
[ECOUrl "https://www.chess.com/openings/Ruy-Lopez-Opening-Berlin-Improved-Steinitz-Defense"]
[UTCDate "2011.01.28"]
[UTCTime "21:59:34"]
[WhiteElo "1488"]
[BlackElo "1428"]
[TimeControl "300+5"]
[Termination "knitedog won by resignation"]
[StartTime "21:59:34"]
[EndDate "2011.01.28"]
[EndTime "22:04:09"]
[Link "https://www.chess.com/game/live/92402841"]

1. e4 e5 2. Nf3 Nc6 3. Bb5 Nf6 4. O-O d6 5. c3 Be7 6. Re1 a6 7. Ba4 b5 8. Bb3 O-O 9. d3 Na5 10. Bc2 Nc6 11. Be3 d5 12. exd5 Nxd5 13. Nbd2 Bd6 14. Nf1 Nf6 15. Ng3 Bg4 16. h3 e4 17. Nxe4 Bh5 18. Bg5 Be7 19. Ng3 Nd5 1-0

[Event "Live Chess"]
[Site "Chess.com"]
[Date "2011.01.28"]
[Round "-"]
[White "hipposcottimus"]
[Black "Cubik"]
[Result "0-1"]
[CurrentPosition "r1bq2k1/ppp2rpp/1b3n2/4n1B1/2B5/8/PPP1QPPP/RN2K2R b KQ -"]
[Timezone "UTC"]
[ECO "C40"]
[ECOUrl "https://www.chess.com/openings/Kings-Pawn-Opening-Kings-Knight-Busch-Gass-Gambit"]
[UTCDate "2011.01.28"]
[UTCTime "21:26:25"]
[WhiteElo "1435"]
[BlackElo "1488"]
[TimeControl "120+12"]
[Termination "Cubik won by resignation"]
[StartTime "21:26:25"]
[EndDate "2011.01.28"]
[EndTime "21:30:28"]
[Link "https://www.chess.com/game/live/92393723"]

1. e4 e5 2. Nf3 Bc5 3. Bc4 Nf6 4. Nxe5 O-O 5. d4 Bb6 6. Bg5 d6 7. Nxf7 Rxf7 8. Qf3 Nbd7 9. e5 dxe5 10. dxe5 Nxe5 11. Qe2 0-1

[Event "Live Chess"]
[Site "Chess.com"]
[Date "2011.01.28"]
[Round "-"]
[White "rmondeja"]
[Black "hipposcottimus"]
[Result "1-0"]
[CurrentPosition "5r1k/R6R/7N/8/1pb5/7P/6PK/1r6 b - -"]
[Timezone "UTC"]
[ECO "C21"]
[ECOUrl "https://www.chess.com/openings/Center-Game-Accepted-Kieseritzky-Variation-3...c5-4.Bc4"]
[UTCDate "2011.01.28"]
[UTCTime "21:09:00"]
[WhiteElo "1463"]
[BlackElo "1442"]
[TimeControl "600+3"]
[Termination "rmondeja won by checkmate"]
[StartTime "21:09:00"]
[EndDate "2011.01.28"]
[EndTime "21:25:35"]
[Link "https://www.chess.com/game/live/92388711"]

1. e4 e5 2. d4 exd4 3. Nf3 c5 4. Bc4 Nf6 5. Ng5 d5 6. exd5 Bd6 7. Qe2+ Qe7 8. Qxe7+ Bxe7 9. d6 Bxd6 10. Nxf7 Rf8 11. Nxd6+ Ke7 12. Nf5+ Bxf5 13. O-O Re8 14. c3 d3 15. Bg5 Nd7 16. Bb5 Kf8 17. Bxf6 gxf6 18. Rd1 a6 19. Bxd3 Bxd3 20. h3 c4 21. Na3 b5 22. b3 Ne5 23. f4 cxb3 24. axb3 Rac8 25. fxe5 Rxc3 26. Nb1 Rxb3 27. Nd2 Rb2 28. Nf3 Be2 29. Re1 fxe5 30. Rxa6 Kg7 31. Ra7+ Kh8 32. Ng5 Bd3 33. Nf7+ Kg8 34. Rxe5 Rb1+ 35. Kh2 Rf8 36. Nh6+ Kh8 37. Nf7+ Kg8 38. Nh6+ Kh8 39. Ree7 b4 40. Rg7 Bc4 41. Rxh7# 1-0

[Event "Live Chess"]
[Site "Chess.com"]
[Date "2011.01.28"]
[Round "-"]
[White "loureiroo"]
[Black "hipposcottimus"]
[Result "0-1"]
[CurrentPosition "r1b2rk1/ppq2ppp/2pb4/2nP1P2/2P5/2NN4/PPP3PP/R1BQ1RK1 w - -"]
[Timezone "UTC"]
[ECO "C55"]
[ECOUrl "https://www.chess.com/openings/Italian-Game-Two-Knights-Modern-Bishops-Opening-4...d5-5.exd5"]
[UTCDate "2011.01.28"]
[UTCTime "20:05:26"]
[WhiteElo "1559"]
[BlackElo "1450"]
[TimeControl "120+10"]
[Termination "hipposcottimus won on time"]
[StartTime "20:05:26"]
[EndDate "2011.01.28"]
[EndTime "20:10:00"]
[Link "https://www.chess.com/game/live/92370131"]

1. e4 e5 2. Nf3 Nc6 3. Bc4 Nf6 4. d3 d5 5. exd5 Na5 6. Nxe5 Nxc4 7. dxc4 Bd6 8. Nd3 O-O 9. O-O Nd7 10. Nc3 c6 11. f4 Nc5 12. f5 Qc7 0-1

[Event "Live Chess"]
[Site "Chess.com"]
[Date "2011.01.28"]
[Round "-"]
[White "Afshinmirzajani"]
[Black "hipposcottimus"]
[Result "0-1"]
[CurrentPosition "1k4K1/1pp2q1r/8/4P3/8/8/4n2P/Q7 w - -"]
[Timezone "UTC"]
[ECO "C29"]
[ECOUrl "https://www.chess.com/openings/Vienna-Game-Main-Line-Steinitz-Variation"]
[UTCDate "2011.01.28"]
[UTCTime "19:41:07"]
[WhiteElo "1545"]
[BlackElo "1438"]
[TimeControl "300+10"]
[Termination "hipposcottimus won by checkmate"]
[StartTime "19:41:07"]
[EndDate "2011.01.28"]
[EndTime "19:58:51"]
[Link "https://www.chess.com/game/live/92363476"]

1. e4 e5 2. Nc3 Nf6 3. f4 d5 4. d3 Bb4 5. fxe5 Ng4 6. Nf3 d4 7. a3 dxc3 8. axb4 cxb2 9. Bxb2 Be6 10. Be2 Ne3 11. Qd2 Nxg2+ 12. Kd1 Nc6 13. Rg1 Nh4 14. Rxg7 Qe7 15. Qh6 Nxf3 16. Bxf3 O-O-O 17. Rxh7 Rhg8 18. Ke2 Nxb4 19. Rxa7 Kb8 20. Ra2 Nxa2 21. Qd2 Bg4 22. Qa5 Bxf3+ 23. Kxf3 Qg5 24. Rxf7 Qh5+ 25. Ke3 Qxf7 26. Bd4 Rxd4 27. Kxd4 Qf2+ 28. Kc4 Qxc2+ 29. Kd5 Qc6+ 30. Kd4 Nc1 31. Qa1 Rd8+ 32. Ke3 Rxd3+ 33. Kf4 Ne2+ 34. Kf5 Rf3+ 35. Kg4 Qxe4+ 36. Kg5 Qf5+ 37. Kh6 Rh3+ 38. Kg7 Rh7+ 39. Kg8 Qf7# 0-1

[Event "Live Chess"]
[Site "Chess.com"]
[Date "2011.01.28"]
[Round "-"]
[White "hipposcottimus"]
[Black "PierrePou"]
[Result "0-1"]
[CurrentPosition "4rrk1/1p3ppp/6n1/p6Q/3q4/6B1/PPPn1RPP/4R2K w - -"]
[Timezone "UTC"]
[ECO "C50"]
[ECOUrl "https://www.chess.com/openings/Italian-Game-Hungarian-Defense-4.d4"]
[UTCDate "2011.01.28"]
[UTCTime "06:34:03"]
[WhiteElo "1587"]
[BlackElo "1532"]
[TimeControl "60"]
[Termination "PierrePou won on time"]
[StartTime "06:34:03"]
[EndDate "2011.01.28"]
[EndTime "06:36:09"]
[Link "https://www.chess.com/game/live/92170307"]

1. e4 e5 2. Nf3 Nc6 3. Bc4 Be7 4. d4 Nf6 5. dxe5 Ng4 6. O-O d5 7. exd5 Na5 8. d6 Bh4 9. dxc7 Qxc7 10. Nxh4 O-O 11. Nf5 Qxc4 12. Nc3 Bxf5 13. f3 Nxe5 14. Ne4 Bxe4 15. fxe4 Qxe4 16. Bf4 Ng6 17. Qh5 Nc4 18. Bg3 Nd2 19. Rae1 Qd4+ 20. Rf2 a5 21. Kh1 Rae8 0-1

[Event "Live Chess"]
[Site "Chess.com"]
[Date "2011.01.28"]
[Round "-"]
[White "khwaja"]
[Black "hipposcottimus"]
[Result "1/2-1/2"]
[CurrentPosition "4kr2/p1pR2p1/1p4q1/4Pp2/2P1bP2/7P/PP1Q2PK/6R1 b - -"]
[Timezone "UTC"]
[ECO "C23"]
[ECOUrl "https://www.chess.com/openings/Bishops-Opening-2...Nc6-3.Nc3"]
[UTCDate "2011.01.28"]
[UTCTime "03:58:15"]
[WhiteElo "1549"]
[BlackElo "1426"]
[TimeControl "600+2"]
[Termination "Game drawn by agreement"]
[StartTime "03:58:15"]
[EndDate "2011.01.28"]
[EndTime "04:09:48"]
[Link "https://www.chess.com/game/live/92137390"]

1. e4 e5 2. Bc4 Nc6 3. Nc3 Nf6 4. d3 d5 5. exd5 Nd4 6. h3 Bb4 7. Ne2 Nxd5 8. Bxd5 Qxd5 9. O-O Qc6 10. Nxd4 exd4 11. Ne4 O-O 12. f4 f5 13. Ng5 Rf6 14. Nf3 b6 15. Nxd4 Qd5 16. Nf3 Bb7 17. Be3 Re8 18. Bd4 Rg6 19. Kh2 Bc5 20. Be5 Bd6 21. d4 Qe6 22. Qd3 Be4 23. Qe2 h5 24. c4 h4 25. Nxh4 Bxe5 26. Nxg6 Qxg6 27. dxe5 Rd8 28. Rad1 Rf8 29. Rg1 Kf7 30. Rd7+ Ke8 31. Qd2 1/2-1/2

[Event "Live Chess"]
[Site "Chess.com"]
[Date "2011.01.28"]
[Round "-"]
[White "hipposcottimus"]
[Black "tjkeyes"]
[Result "1-0"]
[CurrentPosition "4r1k1/pp3ppp/2p1b3/1N6/1r1NR3/1PP5/P5PP/R5K1 b - -"]
[Timezone "UTC"]
[ECO "A06"]
[ECOUrl "https://www.chess.com/openings/Reti-Opening-Tennison-Gambit"]
[UTCDate "2011.01.28"]
[UTCTime "03:29:45"]
[WhiteElo "1423"]
[BlackElo "1449"]
[TimeControl "600"]
[Termination "hipposcottimus won by resignation"]
[StartTime "03:29:45"]
[EndDate "2011.01.28"]
[EndTime "03:37:55"]
[Link "https://www.chess.com/game/live/92131316"]

1. e4 d5 2. Nf3 dxe4 3. Ng5 Nf6 4. f3 exf3 5. Nxf3 e5 6. Be2 Bc5 7. d4 exd4 8. Bd3 Qe7+ 9. Qe2 Qxe2+ 10. Bxe2 Bg4 11. Nbd2 O-O 12. Nb3 Bb4+ 13. Bd2 Bxd2+ 14. Nbxd2 Nc6 15. O-O Rfe8 16. Bb5 Re6 17. Bxc6 Rxc6 18. Nxd4 Rd6 19. N2b3 Re8 20. Nb5 Rc6 21. Rf2 Ne4 22. Rf4 Be6 23. N3d4 Rc4 24. Rxe4 c6 25. b3 Rb4 26. c3 1-0

[Event "Live Chess"]
[Site "Chess.com"]
[Date "2011.01.28"]
[Round "-"]
[White "hipposcottimus"]
[Black "madturk"]
[Result "0-1"]
[CurrentPosition "2r5/8/2Pk1p2/4p3/7P/5PK1/4n3/2R5 w - -"]
[Timezone "UTC"]
[ECO "C41"]
[ECOUrl "https://www.chess.com/openings/Philidor-Defense-3.d4-Bg4-4.dxe5"]
[UTCDate "2011.01.28"]
[UTCTime "03:16:12"]
[WhiteElo "1414"]
[BlackElo "1465"]
[TimeControl "600"]
[Termination "madturk won by resignation"]
[StartTime "03:16:12"]
[EndDate "2011.01.28"]
[EndTime "03:29:01"]
[Link "https://www.chess.com/game/live/92128023"]

1. e4 e5 2. Nf3 d6 3. d4 Bg4 4. dxe5 Bxf3 5. Qxf3 dxe5 6. Bc4 Qf6 7. Qb3 b6 8. O-O Bc5 9. Nc3 c6 10. Kh1 b5 11. Bxb5 cxb5 12. Nxb5 Qb6 13. Qd5 Nc6 14. Nd6+ Bxd6 15. Qxd6 Rd8 16. Qa3 Nge7 17. Be3 Qa5 18. Qxa5 Nxa5 19. Bxa7 Nc4 20. Bc5 Nxb2 21. Rab1 Nc4 22. Rb7 Ng6 23. Rfb1 f6 24. Rxg7 Nd2 25. Rbb7 Nxe4 26. Rge7+ Nxe7 27. Rxe7+ Kf8 28. Rd7+ Nxc5 29. Rxd8+ Kg7 30. Rd5 Ne4 31. f3 Nc3 32. Rc5 Nxa2 33. c4 Rd8 34. h3 h5 35. Kh2 h4 36. Rc7+ Kg6 37. c5 Nb4 38. Rb7 Nd5 39. Rb5 Rc8 40. c6 Nf4 41. Rc5 Kf5 42. g3 hxg3+ 43. Kxg3 Ke6 44. h4 Kd6 45. Rc1 Ne2+ 0-1

[Event "Live Chess"]
[Site "Chess.com"]
[Date "2011.01.28"]
[Round "-"]
[White "hipposcottimus"]
[Black "Hawkeye881"]
[Result "0-1"]
[CurrentPosition "4rk2/b4pr1/8/7p/3P1Pp1/6P1/4RK1P/2q5 w - -"]
[Timezone "UTC"]
[ECO "C50"]
[ECOUrl "https://www.chess.com/openings/Italian-Game-3...d6-4.d4-exd4-5.Nxd4"]
[UTCDate "2011.01.28"]
[UTCTime "02:58:25"]
[WhiteElo "1421"]
[BlackElo "1290"]
[TimeControl "240+10"]
[Termination "Hawkeye881 won by resignation"]
[StartTime "02:58:25"]
[EndDate "2011.01.28"]
[EndTime "03:10:58"]
[Link "https://www.chess.com/game/live/92124344"]

1. e4 e5 2. Nf3 Nc6 3. Bc4 d6 4. d4 exd4 5. Nxd4 Nxd4 6. Qxd4 Nf6 7. Nc3 c5 8. Qe3 Ng4 9. Qf4 Ne5 10. Bd5 Be7 11. Qg3 g6 12. Bh6 Ng4 13. Bg7 Rg8 14. f3 Ne3 15. Qf2 Nxd5 16. e5 Nxc3 17. bxc3 Rxg7 18. exd6 Qxd6 19. Rd1 Qe6+ 20. Kf1 Qc4+ 21. Rd3 Bf5 22. Qe3 Bxd3+ 23. cxd3 Qxa2 24. g3 Qb1+ 25. Kg2 Qc2+ 26. Kh3 Qxc3 27. Re1 Qf6 28. Qxc5 Kf8 29. Qd5 Rd8 30. Qxb7 g5 31. Qxa7 h5 32. Kg2 g4 33. f4 Qb2+ 34. Kf1 Re8 35. Re2 Qc1+ 36. Kf2 Bc5+ 37. d4 Bxa7 0-1

[Event "Live Chess"]
[Site "Chess.com"]
[Date "2011.01.28"]
[Round "-"]
[White "wesley12"]
[Black "hipposcottimus"]
[Result "0-1"]
[CurrentPosition "3r2nr/kpp2ppp/8/4p3/4q1B1/2P5/PP3PPP/R3K2R w KQ -"]
[Timezone "UTC"]
[ECO "C45"]
[ECOUrl "https://www.chess.com/openings/Scotch-Game"]
[UTCDate "2011.01.28"]
[UTCTime "02:48:43"]
[WhiteElo "1331"]
[BlackElo "1431"]
[TimeControl "600"]
[Termination "hipposcottimus won by resignation"]
[StartTime "02:48:43"]
[EndDate "2011.01.28"]
[EndTime "02:54:16"]
[Link "https://www.chess.com/game/live/92122131"]

1. e4 e5 2. Nf3 Nc6 3. d4 d5 4. Nc3 dxe4 5. Nxe4 Bg4 6. d5 Nd4 7. Be2 Qxd5 8. Qd3 O-O-O 9. Be3 Nxf3+ 10. Bxf3 Qa5+ 11. Qc3 Bb4 12. Bxg4+ Kb8 13. Bxa7+ Kxa7 14. Qxb4 Qxb4+ 15. c3 Qxe4+ 0-1

[Event "Live Chess"]
[Site "Chess.com"]
[Date "2011.01.28"]
[Round "-"]
[White "pagaran_n"]
[Black "hipposcottimus"]
[Result "1-0"]
[CurrentPosition "r6k/5Q1p/7q/pp3p2/8/1BbP4/P5PP/1R4K1 w - -"]
[Timezone "UTC"]
[ECO "C20"]
[ECOUrl "https://www.chess.com/openings/Kings-Pawn-Opening-Wayward-Queen-Attack-2...Nc6-3.Bc4"]
[UTCDate "2011.01.28"]
[UTCTime "02:40:25"]
[WhiteElo "1447"]
[BlackElo "1425"]
[TimeControl "600"]
[Termination "pagaran_n won by resignation"]
[StartTime "02:40:25"]
[EndDate "2011.01.28"]
[EndTime "02:47:37"]
[Link "https://www.chess.com/game/live/92120262"]

1. e4 e5 2. Qh5 Nc6 3. Bc4 g6 4. Qf3 Nf6 5. Nc3 Nd4 6. Qd1 Bg7 7. d3 O-O 8. Nf3 d6 9. Nxd4 exd4 10. Nd5 c6 11. Nxf6+ Qxf6 12. O-O Qe5 13. f4 Qe8 14. f5 d5 15. exd5 b5 16. Bb3 Bxf5 17. dxc6 Qxc6 18. c4 dxc3 19. bxc3 Bxc3 20. Rb1 a5 21. Rxf5 gxf5 22. Bh6 Rfe8 23. Qh5 Re7 24. Qg5+ Qg6 25. Qxe7 Qxh6 26. Qxf7+ Kh8 1-0

[Event "Live Chess"]
[Site "Chess.com"]
[Date "2011.01.28"]
[Round "-"]
[White "hipposcottimus"]
[Black "jumping5on5"]
[Result "0-1"]
[CurrentPosition "8/8/8/8/2kp3p/p7/8/1K6 w - -"]
[Timezone "UTC"]
[ECO "B20"]
[ECOUrl "https://www.chess.com/openings/Sicilian-Defense"]
[UTCDate "2011.01.28"]
[UTCTime "00:41:27"]
[WhiteElo "1433"]
[BlackElo "1584"]
[TimeControl "300+3"]
[Termination "jumping5on5 won on time"]
[StartTime "00:41:27"]
[EndDate "2011.01.28"]
[EndTime "00:56:05"]
[Link "https://www.chess.com/game/live/92093955"]

1. e4 c5 2. Bb5 a6 3. Be2 Nc6 4. c4 e5 5. d3 d6 6. Nc3 h6 7. Be3 Nf6 8. Nf3 Ng4 9. O-O Nxe3 10. fxe3 Be7 11. d4 O-O 12. d5 Na7 13. Ne1 Bg5 14. Rf3 Bg4 15. Rg3 f5 16. Bxg4 fxg4 17. Qxg4 Nc8 18. Nf3 Bxe3+ 19. Kh1 Rf7 20. Nh4 Qf6 21. Nf5 Bf4 22. Rh3 Ne7 23. g3 Nxf5 24. gxf4 Ne7 25. f5 Kh7 26. Ne2 Rg8 27. Ng3 g6 28. Rg1 gxf5 29. Qh5 Rg5 30. Nxf5 Rxh5 31. Rxh5 Nxf5 32. exf5 Rg7 33. Rf1 Rg5 34. Rxg5 hxg5 35. a3 b5 36. cxb5 axb5 37. b3 e4 38. b4 c4 39. a4 bxa4 40. b5 Qb2 41. f6 Qxb5 42. f7 Qb8 43. f8=Q Qxf8 44. Rxf8 Kg7 45. Rf2 a3 46. Rc2 e3 47. Kg1 Kf6 48. Kf1 Ke5 49. Ke2 Kxd5 50. Kxe3 Kc5 51. Kd2 d5 52. Kc1 Kb4 53. Kb1 d4 54. h4 gxh4 55. Rxc4+ Kxc4 0-1

[Event "Live Chess"]
[Site "Chess.com"]
[Date "2011.01.28"]
[Round "-"]
[White "hipposcottimus"]
[Black "AugustoPinzone"]
[Result "1-0"]
[CurrentPosition "k2r3r/p5pp/5p2/2P5/2QbP3/5P2/P1P3PP/1R5K w - -"]
[Timezone "UTC"]
[ECO "C50"]
[ECOUrl "https://www.chess.com/openings/Italian-Game-3...d6-4.d4-exd4-5.Nxd4"]
[UTCDate "2011.01.28"]
[UTCTime "00:36:15"]
[WhiteElo "1438"]
[BlackElo "1442"]
[TimeControl "240+4"]
[Termination "hipposcottimus won by resignation"]
[StartTime "00:36:15"]
[EndDate "2011.01.28"]
[EndTime "00:39:47"]
[Link "https://www.chess.com/game/live/92092836"]

1. e4 e5 2. Nf3 Nc6 3. Bc4 d6 4. d4 exd4 5. Nxd4 Nxd4 6. Qxd4 Qf6 7. Qe3 Be6 8. Na3 O-O-O 9. O-O Bxc4 10. Nxc4 b6 11. Rb1 Ne7 12. b3 Nc6 13. Bb2 Qg6 14. Qd2 Be7 15. f3 Bf6 16. Ba3 Ne5 17. Qc3 b5 18. Na5 c5 19. Bxc5 Nc4 20. Qb4 Nxa5 21. Qxa5 dxc5 22. Qxb5 Bd4+ 23. Kh1 Qb6 24. Qc4 f6 25. b4 Kb8 26. bxc5 Qxb1 27. Rxb1+ Ka8 1-0

[Event "Live Chess"]
[Site "Chess.com"]
[Date "2011.01.27"]
[Round "-"]
[White "mushfiq_aliyev"]
[Black "hipposcottimus"]
[Result "0-1"]
[CurrentPosition "5Q1R/8/3r2p1/2p3k1/3p1q2/P2P1P1P/1PP2PK1/8 w - -"]
[Timezone "UTC"]
[ECO "C46"]
[ECOUrl "https://www.chess.com/openings/Three-Knights-Opening-3...d6"]
[UTCDate "2011.01.27"]
[UTCTime "23:25:15"]
[WhiteElo "1150"]
[BlackElo "1438"]
[TimeControl "600"]
[Termination "hipposcottimus won on time"]
[StartTime "23:25:15"]
[EndDate "2011.01.27"]
[EndTime "23:44:07"]
[Link "https://www.chess.com/game/live/92075293"]

1. e4 e5 2. Nf3 Nc6 3. Nc3 d6 4. Bb5 Ne7 5. d3 Bd7 6. Bxc6 Nxc6 7. h3 Be7 8. O-O f5 9. exf5 Bxf5 10. Be3 O-O 11. a3 Bf6 12. Nd5 Nd4 13. Bxd4 exd4 14. Re1 Bg6 15. Qd2 c5 16. Re2 Bf7 17. Nxf6+ Qxf6 18. Rae1 Qd8 19. Qf4 Bh5 20. Qe4 Bxf3 21. gxf3 Qg5+ 22. Qg4 Qd8 23. Re7 Rf7 24. Rxf7 Kxf7 25. Qe6+ Kf8 26. Re4 Qg5+ 27. Kh2 g6 28. Qxd6+ Kg7 29. Qe7+ Kh6 30. Qxb7 Rf8 31. Re7 Qf4+ 32. Kg2 Qg5+ 33. Kh2 Qf4+ 34. Kg2 Kg5 35. Rxh7 Qd2 36. Qd5+ Rf5 37. Qd8+ Rf6 38. Rxa7 Qf4 39. Qd5+ Rf5 40. Qd8+ Rf6 41. Qd5+ Rf5 42. Qd8+ Kh6 43. Qh8+ Kg5 44. Qd8+ Kh6 45. Qh8+ Kg5 46. Qd8+ Rf6 47. Qd5+ Kh6 48. Ra8 Rd6 49. Rh8+ Kg7 50. Qg8+ Kf6 51. Qf8+ Kg5 0-1